 Dungeon Crawl Stone Soup version 0.26-a0-660-gc07710193c (webtiles) character file.

Game seed: 8800919765799576186

130 ringo67 the Sneak (level 4, 0/21 HPs)
             Began as a Spriggan Enchanter on Oct 7, 2020.
             Slain by Purgy (3 damage)
             ... on level 3 of the Dungeon.
             The game lasted 00:10:44 (3933 turns).

ringo67 the Sneak (Spriggan Enchanter)              Turns: 3933, Time: 00:10:45

Health: 0/21       AC:  2    Str:  4    XL:     4   Next: 89%
Magic:  2/9        EV: 18    Int: 16    God:
Gold:   69         SH:  0    Dex: 17    Spells: 6/9 levels left

rFire    . . .     SeeInvis +   a - +1 dagger (holy)
rCold    . . .     Faith    .   (shield restricted)
rNeg     . . .     Spirit   .   l - +0 robe
rPois    +         Reflect  .   (helmet restricted)
rElec    .         Harm     .   (no cloak)
rCorr    .         Rampage  .   (gloves unavailable)
MR       +....                  (boots unavailable)
Stlth    ++++......             (no amulet)
HPRegen  0.07/turn              d - ring of protection from magic
MPRegen  0.11/turn              k - ring of poison resistance

@: very slightly contaminated, very quick
A: very small, unfitting armour, see invisible, speed 3
a: no special abilities


You were on level 3 of the Dungeon.
You visited 1 branch of the dungeon, and saw 3 of its levels.

You collected 69 gold pieces.

Inventory:

Hand Weapons
 a - a +1 dagger of holy wrath (weapon)
 b - a +0 short sword
 j - a +1 dagger
Missiles
 i - 36 poisoned darts (quivered)
 m - 79 stones
Armour
 l - a +0 robe (worn)
Jewellery
 d - a ring of protection from magic (left hand)
 k - a ring of poison resistance (right hand)
Scrolls
 f - 2 scrolls of fear {unknown}
 g - 3 scrolls of remove curse {unknown}
 h - 4 scrolls of identify {unknown}
 n - a scroll of noise {unknown}
 o - a scroll of enchant armour {unknown}
 p - a scroll of fog {unknown}
Potions
 c - a potion of cancellation {unknown}
 e - a potion of heal wounds {unknown}
 q - a potion of flight {unknown}
 r - a potion of curing {unknown}


   Skills:
 - Level 1.1 Short Blades
 - Level 3.0 Dodging
 * Level 6.7 Stealth
 + Level 3.2 Spellcasting
 * Level 5.2 Hexes


You had 6 spell levels left.
You knew the following spells:

 Your Spells              Type           Power        Failure   Level
a - Corona                Hex            ###....      1%          1
b - Ensorcelled Hibernat  Hex/Ice        ##....       10%         2

Your spell library contained the following spells:

 Spells                   Type           Power        Failure   Level
 Confusing Touch          Hex            ###.....     6%          3
 Tukima's Dance           Hex            ###.....     6%          3
 Dazzling Flash           Conj/Hex       ##....       19%         3


Dungeon Overview and Level Annotations

Branches:
Dungeon (3/15)

Altars:
Makhleb

Annotations:
D:3 Purgy


Innate Abilities, Weirdness & Mutations

You are very small and have problems with some larger weapons.
You are too small for most types of armour.
You have supernaturally acute eyesight. (SInv)
You cover ground extremely quickly.


Message History

Aim: Purgy (moderately wounded, chance to defeat MR: 50%) Purgy looks drowsy...
The helpless Purgy fails to defend himself.
You impale Purgy!!
Purgy is almost dead.
You hit Purgy but do no damage.
Purgy is almost dead.
Purgy misses you. Purgy closely misses you. Purgy barely misses you.
You hit Purgy but do no damage.
Purgy is almost dead.
Purgy bites you.
* * * LOW HITPOINT WARNING * * *
Purgy barely misses you. Purgy claws you.
* * * LOW HITPOINT WARNING * * *
You hit Purgy.
Purgy is almost dead.
Purgy completely misses you. Purgy claws you.
* * * LOW HITPOINT WARNING * * *
Purgy claws you.
You die...

#...## #.#.. #....# #.#..
#....# #.#.. #....# #....
#....####### #....
#..........#####....
######.#†.....#....T.....
#....####......#######)..
+....'..@T.....# #.##
###....###.......# #.#
#......'.#.......# #.#
#.#....#.#.......# #.# #
#....#.#.......# #..
######.#........# #.#
#.#..........
#.#.......####
#.#.......+


You could see Purgy.

Vanquished Creatures
  3 gnolls (D:2)
  An adder (D:2)
  4 worms (D:2)
  2 dart slugs
  4 leopard geckos
  12 giant cockroaches
  7 goblins
  7 hobgoblins
  10 kobolds
  A quokka (D:2)
  A ball python (D:2)
  A bat (D:3)
  2 frilled lizards (D:2)
  16 rats
71 creatures vanquished.

Notes
Turn   | Place    | Note
-------+----------+-------------------------------------------
     0 | D:1      | ringo67 the Spriggan Enchanter began the quest for the Orb.
     0 | D:1      | Reached XP level 1. HP: 9/9 MP: 5/5
     0 | D:1      | Noticed a vine stalker
     2 | D:1      | Noticed a gargoyle
     2 | D:1      | Noticed a vine stalker
     5 | D:1      | Noticed a naga
     6 | D:1      | Noticed a minotaur
     8 | D:1      | Noticed a minotaur
    10 | D:1      | Noticed a felid
    12 | D:1      | Noticed a minotaur
    12 | D:1      | Noticed an octopode
    14 | D:1      | Noticed a vine stalker
    16 | D:1      | Noticed a formicid
    16 | D:1      | Noticed a spriggan
    16 | D:1      | Noticed a minotaur
    18 | D:1      | Noticed a spriggan
   648 | D:1      | Reached skill level 5 in Stealth
   648 | D:1      | Reached XP level 2. HP: 13/13 MP: 6/6
   686 | D:1      | Learned a level 2 spell: Ensorcelled Hibernation
  1337 | D:1      | Reached XP level 3. HP: 16/16 MP: 8/8
  2610 | D:2      | Found a burning altar of Makhleb.
  2612 | D:2      | Reached skill level 6 in Stealth
  2641 | D:2      | Reached XP level 4. HP: 17/21 MP: 2/9
  2754 | D:2      | Reached skill level 5 in Hexes
  3878 | D:3      | Noticed Purgy
  3933 | D:3      | Slain by Purgy

Illustrated notes

Levels and vault maps discovered:
D:1:      shiori_arrival_whats_in_store_for_you, layout_basic,
          minmay_worlds_worst_comb
D:2:      layout_rooms, bloody_makhleb, roderic_lattice_a
D:3:      layout_basic, gup_sewer_entry_spiral, uniq_purgy

Skill      XL: |  1  2  3  4 |
---------------+-------------+-----
Hexes          | 4 5 |  5.2
Stealth        | 5 6 |  6.7
Spellcasting   | 3 |  3.2
Short Blades   | |  1.1
Dodging        | |  3.0

Action                   |  1- 3 |  4- 6 || total
-------------------------+-------+-------++-------
Melee: Dagger            |   142 |    97 ||   239
Throw: Dart              |       |     2 ||     2
 Cast: Corona            |     1 |       ||     1
       Ensorcelled Hiber |    23 |    25 ||    48
 Stab: Sleeping          |    21 |    16 ||    37
Armor: Robe              |     7 |     9 ||    16
Dodge: Dodged            |    96 |    97 ||   193

Table legend: (Time is in decaauts)
 A = Elapsed time spent in this place.
 B = Non-inter-level travel time spent in this place.
 C = Inter-level travel time spent in this place.
 D = Time resting spent in this place.
 E = Time spent auto-exploring this place.
 F = Levels seen in this place.
 G = Mean time per level.
                   A        B        C        D        E       F      G
               +--------+--------+--------+--------+--------+-----+--------+
         Total |   3404 |   3382 |     22 |   1648 |   1031 |   3 | 1134.7 |
       Dungeon |   3404 |   3382 |     22 |   1648 |   1031 |   3 | 1134.7 |
               +--------+--------+--------+--------+--------+-----+--------+

Top non-repeatable levels by time:
     D:1: 2048 daAuts
     D:2: 1261 daAuts
     D:3: 95 daAuts
